 Dungeon Crawl Stone Soup version 0.20-a0-513-g02c11fc (webtiles) character file.

145 Kaname the Sneak (level 5, 30/36 HPs)
             Began as a Demonspawn Enchanter on Jan 23, 2017.
             Quit the game on level 3 of the Dungeon.
             The game lasted 00:12:56 (5538 turns).

Kaname the Sneak (Demonspawn Enchanter)             Turns: 5538, Time: 00:12:57

Health: 30/36      AC:  3    Str:  8    XL:     5   Next: 6%
Magic:  5/8        EV: 15    Int: 18    God:
Gold:   61         SH:  0    Dex: 13    Spells: 2/8 levels left

rFire    + . .     SeeInvis .   a - +1 dagger
rCold    . . .     Gourm    .   b - +0 robe
rNeg     . . .     Faith    .   (no shield)
rPois    .         Spirit   .   (helmet restricted)
rElec    .         Reflect  .   (no cloak)
rCorr    .         Harm     .   (no gloves)
MR       .....                  (no boots)
Stlth    ++........             (no amulet)
Regen    0.2/turn               o - +3 ring of evasion
                                p - ring of protection from fire

@: no status effects
A: antennae 1, rugged brown scales 1, powered by pain 1
a: no special abilities


You were on level 3 of the Dungeon.
You were not hungry.

You visited 1 branch of the dungeon, and saw 3 of its levels.

You collected 61 gold pieces.

Inventory:

Hand Weapons
 a - a +1 dagger (weapon)
Missiles
 n - 4 javelins (quivered)
 r - 5 javelins of returning
Armour
 b - a +0 robe (worn)
Jewellery
 h - an uncursed ring of protection from cold
 o - a +3 ring of evasion (right hand)
 p - a ring of protection from fire (left hand)
Scrolls
 g - 5 scrolls of teleportation {unknown}
 i - a scroll of fear {unknown}
 j - 2 scrolls of identify {unknown}
Potions
 k - 2 potions of flight {unknown}
 m - a potion of agility {unknown}
Books
 c - a book of Maledictions

   Spells                             Type                      Level
   a - Corona                         Hexes                        1
   b - Ensorcelled Hibernation        Hexes/Ice                    2
   c - Confuse                        Hexes                        3
   d - Tukima's Dance                 Hexes                        3
   e - Dazzling Spray                 Conjuration/Hexes            3
Comestibles
 d - 3 bread rations
 f - 2 meat rations
 l - a royal jelly


   Skills:
 - Level 2.4 Short Blades
 - Level 1.7 Dodging
 - Level 4.0 Stealth
 - Level 2.0 Spellcasting
 - Level 4.0 Hexes
 + Level 0.5 Ice Magic


You had 2 spell levels left.
You knew the following spells:

 Your Spells              Type           Power        Failure   Level  Hunger
a - Corona                Hex            ###....      3%          1    #......
b - Ensorcelled Hibernat  Hex/Ice        ##....       12%         2    ###....
c - Confuse               Hex            ###.....     12%         3    ###....


Dungeon Overview and Level Annotations

Branches:
Dungeon (3/15)

Altars:
Fedhas
Makhleb


Innate Abilities, Weirdness & Mutations

You have a pair of small antennae on your head.
You are partially covered in rugged brown scales. (AC +1, +3% HP)
You sometimes gain a little power by taking damage.


Message History

There is a stone staircase leading up here.
An adder is nearby!
An adder is nearby!
An adder is nearby!
The adder hisses angrily.
Casting: Ensorcelled Hibernation
Confirm with . or Enter, or press ? or * to list all spells.
Aiming: Ensorcelled Hibernation
Press: ? - help, Shift-Dir - straight line, f - adder
Aim: an adder (chance to defeat MR: 50%)
The adder looks drowsy...
The helpless adder fails to defend itself.
You impale the adder!!
You kill the adder!
You have reached level 5!
Your demonic ancestry asserts itself...
Rugged brown scales grow over part of your body.
Unknown command.
Unknown command.
Are you sure you want to abandon this character and quit the game? (Confirm with "yes".)

#.....# #.........(# #.....#
#..........# #.....#
#..........# #.....###
#..........#
##.....#.######..........#
#........##..............#
###......#.##.###..........#
.....##.##.................#
.....#..#####.##@..........#
S....<.#####..#.)#.#########
.......###.#.##.##......##
.......#.....##.#######..#
.......#........## ##.##
.......#..##.....# #..#
...........#.###.########<#
........................#.#
...............#.######.#.#


There were no monsters in sight!

Vanquished Creatures
  6 adders
  An ooze (D:1)
  2 worms (D:2)
  A dart slug (D:1)
  2 leopard geckos
  A ball python (D:3)
  5 giant cockroaches
  9 goblins
  10 hobgoblins
  3 jackals (D:1)
  A quokka (D:2)
  8 bats
  6 frilled lizards
  14 kobolds
  6 rats
75 creatures vanquished.

Notes
Turn   | Place    | Note
-------+----------+-------------------------------------------
     0 | D:1      | Kaname the Demonspawn Enchanter began the quest for the Orb.
     0 | D:1      | Reached XP level 1. HP: 13/13 MP: 3/3
    20 | D:1      | Reached skill level 1 in Short Blades
   733 | D:1      | Gained mutation: You sometimes gain a little power by taking damage. [demonic ancestry]
   733 | D:1      | Reached XP level 2. HP: 11/19 MP: 5/5
  1030 | D:1      | Learned a level 2 spell: Ensorcelled Hibernation
  1759 | D:1      | Reached XP level 3. HP: 14/24 MP: 4/6
  1921 | D:1      | Learned a level 3 spell: Confuse
  3164 | D:2      | Gained mutation: You have a pair of small antennae on your head. [demonic ancestry]
  3164 | D:2      | Reached XP level 4. HP: 30/30 MP: 7/7
  3216 | D:2      | Found a burning altar of Makhleb.
  4906 | D:3      | Found a blossoming altar of Fedhas.
  5537 | D:3      | Gained mutation: You are partially covered in rugged brown scales. (AC +1, +3% HP) [demonic ancestry]
  5537 | D:3      | Reached XP level 5. HP: 30/36 MP: 5/8
  5538 | D:3      | Quit the game

Vault maps used:
D:1:      dpeg_arrival_erosion
D:2:      lemuel_coloured_pillars_altar, first_bread, minmay_mini_jars
D:3:      fedhas_altar_1

Skill      XL: |  1  2  3  4 |
---------------+-------------+-----
Short Blades   | 2 |  2.4
Stealth        | 3 4 |  4.0
Hexes          | 4 |  4.0
Dodging        | |  1.7
Spellcasting   | |  2.0
Ice Magic      | |  0.5

Action                   |  1- 3 |  4- 6 || total
-------------------------+-------+-------++-------
Melee: Dagger            |   242 |   149 ||   391
 Cast: Corona            |    13 |     3 ||    16
       Ensorcelled Hiber |     5 |    15 ||    20
  Use: Scroll            |       |     1 ||     1
 Stab: Sleeping          |     7 |    10 ||    17
  Eat: Chunk             |     4 |     4 ||     8
       Bread ration      |     1 |     1 ||     2
Armor: Robe              |    47 |    34 ||    81
Dodge: Dodged            |   142 |   114 ||   256
